[ AOE2 MATCH · #479781663 ]
1v1 RMKhmer vs Lithuanians
Player's team · WIN
[ REPLAY ANALYSIS · EXTRACTED FROM THE RECORDED GAME ]
Feudal
—
Castle
—
Imperial
—
| APM avg | 21.7 |
| APM peak | 113 |
| eAPM avg | 11.5 |
| Villagers / military | 125 / 97 |
Focus
⚔️ 24.9% · 🌾 75.1%
Scout Cavalry ×36 · Spearman ×34 · Scorpion ×15 · Trebuchet (Packed) ×10 · Monk ×2
Feudal
11:24
Castle
19:17
Imperial
—
| APM avg | 22.1 |
| APM peak | 63 |
| eAPM avg | 7.1 |
| Villagers / military | 49 / 33 |
Focus
⚔️ 22.7% · 🌾 77.3%
Knight ×25 · Leitis ×8
Match map
Resources at game start + every placement click. Thick line = wall · dashed box = detected house wall. 🟡 gold · ⚪ stone · 🟢 berries · 🔶 boar · ⭕ relic
Inputs per minute
— ElPeregil1588 - - Baklawa
Build order — ElPeregil1588
First 150 of 270 actions detected
| 0:07 | Build | House |
| 0:12 | Build | House |
| 0:13 | Build | House |
| 0:14 | Build | House |
| 0:16 | Create | Villager (Male) |
| 0:16 | Research | Loom |
| 0:18 | Create | Villager (Male) ×3 |
| 1:23 | Create | Villager (Male) |
| 1:23 | Create | Villager (Male) |
| 2:46 | Build | Lumber Camp |
| 2:51 | Create | Villager (Male) ×2 |
| 2:51 | Create | Villager (Male) ×2 |
| 3:16 | Create | Villager (Male) |
| 4:02 | Create | Villager (Male) |
| 4:02 | Create | Villager (Male) |
| 4:02 | Create | Villager (Male) |
| 4:27 | Create | Villager (Male) |
| 4:29 | Create | Villager (Male) |
| 5:14 | Create | Villager (Male) ×2 |
| 6:17 | Create | Villager (Male) ×3 |
| 6:47 | Build | House |
| 6:55 | Create | Villager (Male) ×3 |
| 8:09 | Create | Villager (Male) |
| 8:10 | Create | Villager (Male) |
| 9:18 | Research | Feudal Age |
| 9:31 | Build | Mill |
| 10:07 | Create | Villager (Male) |
| 10:19 | Build | Mining Camp |
| 10:37 | Build | Mining Camp |
| 11:47 | Research | Horse Collar |
| 11:52 | Research | Wheelbarrow |
| 11:55 | Research | Double-Bit Axe |
| 12:00 | Create | Villager (Male) |
| 12:20 | Build | Stable |
| 12:38 | Build | Farm |
| 12:39 | Build | Farm |
| 12:39 | Build | Farm |
| 12:39 | Build | Farm |
| 12:39 | Build | Farm |
| 12:40 | Build | Farm |
| 12:40 | Build | Farm |
| 12:40 | Build | Farm |
| 12:41 | Build | Farm |
| 12:41 | Build | Farm |
| 12:41 | Build | Farm |
| 12:41 | Build | Farm |
| 12:42 | Build | Farm |
| 12:42 | Build | Farm |
| 12:42 | Build | Farm |
| 12:44 | Build | Farm |
| 13:22 | Build | House |
| 13:23 | Build | House |
| 13:26 | Create | Villager (Male) |
| 13:27 | Create | Villager (Male) |
| 13:41 | Build | Farm |
| 13:43 | Build | Farm |
| 13:45 | Build | Farm |
| 13:47 | Build | Farm |
| 14:01 | Build | Farm |
| 14:02 | Build | Farm |
| 14:15 | Create | Scout Cavalry |
| 14:25 | Create | Villager (Male) |
| 14:44 | Create | Villager (Male) |
| 14:57 | Create | Villager (Male) |
| 15:26 | Build | Farm |
| 15:27 | Build | Farm |
| 15:27 | Build | Farm |
| 15:27 | Build | Farm |
| 15:27 | Build | Farm |
| 15:28 | Build | Farm |
| 15:28 | Build | Farm |
| 15:29 | Build | Farm |
| 15:32 | Create | Villager (Male) ×3 |
| 15:48 | Build | House |
| 15:49 | Build | House |
| 15:54 | Create | Villager (Male) ×2 |
| 15:54 | Create | Villager (Male) ×2 |
| 16:31 | Build | Blacksmith |
| 16:46 | Create | Villager (Male) |
| 16:47 | Create | Villager (Male) |
| 17:04 | Build | House |
| 17:05 | Build | House |
| 17:07 | Build | House |
| 17:08 | Build | House |
| 17:11 | Build | House |
| 17:58 | Research | Castle Age |
| 18:10 | Research | Forging |
| 18:17 | Create | Scout Cavalry |
| 18:28 | Create | Scout Cavalry |
| 18:28 | Create | Scout Cavalry |
| 18:37 | Build | Barracks |
| 18:43 | Research | Gold Mining |
| 18:54 | Research | Stone Mining |
| 19:06 | Create | Scout Cavalry |
| 19:07 | Create | Scout Cavalry |
| 19:24 | Research | Scale Barding Armor |
| 19:37 | Build | House |
| 19:38 | Build | House |
| 19:39 | Build | House |
| 19:51 | Create | Scout Cavalry ×2 |
| 20:09 | Research | Scale Mail Armor |
| 20:13 | Create | Villager (Male) ×2 |
| 20:13 | Create | Villager (Male) ×2 |
| 20:54 | Build | Monastery |
| 21:00 | Research | Bow Saw |
| 21:09 | Build | Town Center |
| 21:17 | Create | Monk |
| 21:24 | Research | Light Cavalry (upgrade) |
| 21:27 | Research | Husbandry |
| 21:28 | Create | Spearman ×2 |
| 21:28 | Create | Spearman ×2 |
| 21:44 | Create | Villager (Male) ×3 |
| 21:52 | Create | Villager (Male) |
| 21:52 | Create | Villager (Male) |
| 21:56 | Create | Villager (Male) |
| 21:56 | Create | Villager (Male) |
| 22:02 | Create | Villager (Male) |
| 22:09 | Create | Villager (Male) |
| 22:15 | Create | Monk |
| 22:46 | Create | Villager (Male) |
| 22:46 | Create | Villager (Male) |
| 22:48 | Create | Villager (Male) ×4 |
| 22:49 | Create | Villager (Male) ×4 |
| 22:59 | Research | Heavy Plow |
| 22:59 | Research | Heavy Plow |
| 23:15 | Build | Town Center |
| 23:38 | Create | Villager (Male) ×5 |
| 23:38 | Create | Villager (Male) |
| 23:56 | Build | House |
| 23:57 | Build | House |
| 23:58 | Build | House |
| 24:00 | Build | House |
| 24:04 | Create | Villager (Male) ×4 |
| 24:05 | Create | Villager (Male) |
| 24:05 | Create | Villager (Male) |
| 24:15 | Build | Lumber Camp |
| 24:22 | Create | Villager (Male) ×2 |
| 24:47 | Research | Gold Shaft Mining |
| 24:51 | Create | Villager (Male) |
| 25:02 | Create | Villager (Male) ×2 |
| 25:23 | Create | Villager (Male) ×4 |
| 25:23 | Create | Villager (Male) ×4 |
| 25:27 | Create | Villager (Male) |
| 25:32 | Create | Villager (Male) |
| 25:33 | Create | Villager (Male) |
| 25:46 | Build | House |
| 25:47 | Build | House |
| 25:50 | Build | House |
| 25:57 | Build | University |
| 26:05 | Create | Villager (Male) |
Build order — Baklawa
131 actions detected in the replay
| 0:08 | Create | Villager (Male) |
| 0:12 | Build | House |
| 0:17 | Create | Villager (Male) |
| 0:18 | Create | Villager (Male) |
| 0:50 | Build | House |
| 0:57 | Create | Villager (Male) |
| 1:33 | Create | Villager (Male) |
| 2:03 | Create | Villager (Male) |
| 2:21 | Create | Villager (Male) |
| 3:44 | Create | Villager (Male) |
| 3:44 | Create | Villager (Male) |
| 3:51 | Create | Villager (Male) |
| 3:51 | Create | Villager (Male) |
| 4:35 | Create | Villager (Male) |
| 4:35 | Create | Villager (Male) |
| 5:39 | Build | House |
| 6:34 | Build | Lumber Camp |
| 6:48 | Create | Villager (Male) |
| 7:06 | Create | Villager (Male) |
| 8:28 | Build | Mill |
| 9:14 | Research | Feudal Age |
| 9:29 | Create | Villager (Male) |
| 9:30 | Create | Villager (Male) |
| 10:40 | Build | Barracks |
| 10:43 | Build | House |
| 11:24 | Age | Feudal Age |
| 11:53 | Build | Archery Range |
| 12:09 | Create | Villager (Male) |
| 12:35 | Build | Mining Camp |
| 12:39 | Create | Villager (Male) |
| 12:41 | Create | Villager (Male) |
| 13:19 | Create | Villager (Male) |
| 13:48 | Research | Horse Collar |
| 14:25 | Build | Farm |
| 15:37 | Build | Blacksmith |
| 15:46 | Create | Villager (Male) |
| 15:47 | Create | Villager (Male) |
| 16:04 | Build | Farm |
| 16:33 | Research | Castle Age |
| 17:31 | Build | Farm |
| 17:36 | Build | House |
| 17:42 | Build | Farm |
| 17:53 | Build | Farm |
| 18:02 | Build | Farm |
| 18:06 | Research | Double-Bit Axe |
| 18:18 | Build | Farm |
| 18:53 | Build | Mining Camp |
| 19:16 | Create | Villager (Male) |
| 19:17 | Age | Castle Age |
| 19:18 | Create | Villager (Male) |
| 20:02 | Build | Stable |
| 20:12 | Create | Villager (Male) |
| 20:13 | Create | Villager (Male) |
| 20:55 | Create | Villager (Male) |
| 21:05 | Build | House |
| 21:17 | Build | Farm |
| 21:21 | Build | Farm |
| 21:26 | Research | Husbandry |
| 21:32 | Research | Bloodlines |
| 21:47 | Research | Forging |
| 21:58 | Create | Villager (Male) |
| 22:29 | Build | Stable |
| 22:44 | Build | Farm |
| 23:17 | Build | House |
| 23:39 | Research | Scale Barding Armor |
| 23:55 | Build | Mill |
| 24:12 | Build | Lumber Camp |
| 24:36 | Create | Knight |
| 24:37 | Create | Knight |
| 24:39 | Create | Knight |
| 24:43 | Create | Knight |
| 24:43 | Create | Knight |
| 24:55 | Create | Villager (Male) |
| 24:56 | Create | Villager (Male) |
| 25:20 | Build | Farm |
| 25:42 | Create | Knight |
| 25:42 | Create | Knight |
| 26:24 | Create | Knight |
| 26:33 | Build | House |
| 26:40 | Build | House |
| 26:42 | Build | House |
| 27:50 | Create | Knight |
| 27:51 | Create | Knight |
| 27:51 | Create | Knight |
| 28:15 | Create | Knight |
| 28:15 | Create | Knight |
| 28:50 | Build | Castle |
| 29:13 | Create | Knight |
| 29:13 | Create | Knight |
| 29:13 | Create | Knight |
| 29:14 | Create | Knight |
| 30:28 | Create | Knight |
| 30:28 | Create | Knight |
| 30:28 | Create | Knight |
| 30:29 | Create | Knight |
| 30:39 | Build | Farm |
| 30:41 | Build | Farm |
| 30:46 | Build | Farm |
| 31:23 | Create | Leitis |
| 31:26 | Create | Leitis |
| 31:42 | Create | Villager (Male) |
| 31:43 | Create | Villager (Male) |
| 31:43 | Create | Villager (Male) |
| 31:43 | Create | Villager (Male) |
| 31:43 | Create | Villager (Male) |
| 31:55 | Build | Mill |
| 32:16 | Create | Leitis |
| 33:01 | Build | Monastery |
| 33:14 | Create | Villager (Male) |
| 33:14 | Create | Villager (Male) |
| 33:41 | Create | Knight |
| 33:41 | Create | Knight |
| 35:13 | Build | Castle |
| 35:31 | Create | Villager (Male) |
| 35:32 | Create | Villager (Male) |
| 35:32 | Create | Villager (Male) |
| 35:32 | Create | Villager (Male) |
| 37:03 | Create | Villager (Male) |
| 37:03 | Create | Villager (Male) |
| 37:03 | Create | Villager (Male) |
| 37:17 | Create | Leitis |
| 37:19 | Create | Leitis |
| 37:19 | Create | Leitis |
| 37:50 | Create | Knight |
| 37:50 | Create | Knight |
| 37:59 | Create | Leitis |
| 37:59 | Create | Leitis |
| 38:16 | Create | Villager (Male) |
| 38:16 | Create | Villager (Male) |
| 38:16 | Create | Villager (Male) |
| 38:17 | Create | Villager (Male) |
Match timeline
| 10:40 | Baklawa · first_building Barracks |
| 11:24 | Baklawa · age_up feudal |
| 11:53 | Baklawa · first_building Archery Range |
| 12:20 | ElPeregil1588 · first_building Stable |
| 18:37 | ElPeregil1588 · first_building Barracks |
| 19:17 | Baklawa · age_up castle |
| 20:02 | Baklawa · first_building Stable |
| 20:54 | ElPeregil1588 · first_building Monastery |
| 28:50 | Baklawa · first_building Castle |
| 28:56 | ElPeregil1588 · first_building Castle |
| 31:58 | ElPeregil1588 · first_building Siege Workshop |
| 33:01 | Baklawa · first_building Monastery |
| 39:19 | Baklawa · resign |
[ AI ANALYSIS · 1 CREDIT ]
What really happened in this match?
Wolo.gg analyzes every decision: build order, eco, micro, common mistakes by bracket. Personalized analysis on WhatsApp or Discord in 30 seconds.
Civ guide
Khmer
Map guide
Arena
Perfil
ElPeregil1588